 Dungeon Crawl Stone Soup version 0.29-a0-841-g116ddc6ace (webtiles) character file.

Game seed: 16985300478277475911

511 zeratav the Tainter (level 7, -13/41 HPs)
             Began as an Octopode Venom Mage on July 14, 2022.
             Mangled by Duvessa
             ... wielding a +0 short sword
              (14 damage)
             ... on level 4 of the Dungeon.
             The game lasted 00:09:20 (5918 turns).

zeratav the Tainter (Octopode Venom Mage)           Turns: 5918, Time: 00:09:21

Health: -13/41     AC:  1    Str: 13    XL:     7   Next: 19%
Magic:  1/10       EV: 17    Int: 20    God:
Gold:   283        SH:  0    Dex: 12    Spells: 5/10 levels left

rFire   . . .      SeeInvis .   d - +0 dagger (venom) {short}
rCold   . . .      Faith    .   (no shield)
rNeg    . . .      Spirit   .   (helmet restricted)
rPois   .          Reflect  .   i - amulet of the acrobat
rElec   .          Harm     .   j - +6 ring of strength
rCorr   .          Rampage  .   r - +4 ring of evasion
Will    .....                   (no ring)
Stlth   ++++......              (no ring)
HPRegen 0.13/turn               (no ring)
MPRegen 0.12/turn               (no ring)
                                (no ring)
                                (no ring)

@: no status effects
A: almost no armour, amphibious, 8 rings, camouflage 1, gelatinous body 1,
(nimble swimmer 1), tentacles
a: no special abilities


You were on level 4 of the Dungeon.
You visited 1 branch of the dungeon, and saw 4 of its levels.

You collected 283 gold pieces.


Innate Abilities, Weirdness & Mutations

You cannot wear most types of armour.
You are amphibious.
You can wear up to eight rings at the same time.
Your skin changes colour to match your surroundings (Stealth+).
Your rubbery body absorbs attacks. (AC +1, EV +1)
((You are camouflaged when in or above water. (Stealth+)))
You have tentacles for arms and can constrict up to eight enemies at once.


   Skills:
 - Level 2.0 Dodging
 - Level 5.0 Stealth
 - Level 2.0 Spellcasting
 - Level 1.0 Transmutations
 + Level 8.9 Poison Magic


You had 5 spell levels left.
You knew the following spells:

 Your Spells              Type           Power      Damage    Failure   Level
a - Sting                 Tmut/Pois      84%        1d7       1%          1
b - Olgreb's Toxic Radia  Pois           37%        N/A       4%          4

Your spell library contained the following spells:

 Spells                   Type           Power      Damage    Failure   Level
 Poisonous Vapours        Pois/Air       38%        N/A       3%          2
 Beastly Appendage        Tmut           12%        N/A       11%         1
 Mephitic Cloud           Conj/Pois/Air  13%        N/A       14%         3
 Shock                    Conj/Air       8%         1d3       16%         1
 Corpse Rot               Necr/Pois/Air  13%        N/A       43%         4
 Petrify                  Tmut/Erth      4%         N/A       77%         4
 Maxwell's Capacitive Co  Air            1%         ∞         100%        8

Inventory:

Hand Weapons
 d - a +0 dagger of venom (weapon) {short}
   (You took it off a kobold on level 2 of the Dungeon)
Jewellery
 i - an amulet of the acrobat (around mantle)
   (You found it on level 2 of the Dungeon)
 j - a +6 ring of strength (left tentacle)
   (You found it on level 2 of the Dungeon)
 r - a +4 ring of evasion (right tentacle)
   (You found it on level 4 of the Dungeon)
Scrolls
 f - 2 scrolls of noise {unknown}
 h - 3 scrolls of blinking {unknown}
 k - a scroll of brand weapon {unknown}
 m - 2 scrolls of identify {unknown}
 o - a scroll of teleportation {unknown}
 p - a scroll of enchant armour {unknown}
 s - a scroll of acquirement {unknown}
Potions
 a - 2 potions of magic
 b - 2 potions of curing {unknown}
 c - 2 potions of lignification {unknown}
 e - a potion of brilliance {unknown}
 g - 3 potions of degeneration {unknown}
 l - a potion of attraction {unknown}
 n - a potion of heal wounds {unknown}
 q - a potion of resistance {unknown}

Dungeon Overview and Level Annotations

Branches:
Dungeon (4/15) Zot: 18075
 Temple: D:4-7

Altars:
Dithmenos

Annotations:
D:3 exclusion: 2 downstairs
D:4 Duvessa, Natasha

#..e #... ###... ###
##...[. #.# ##......
##.###.....#.
#...####...## ####
#...#####...#
#.@####.....##....#
#..e.............##
#........).##...#..
###..........###.#.≈
.......5.....#####§§
......h.........###≈.
##................#≈.
#...(.5..........#≈.
.................#≈.


You could see Duvessa (berserk, extremely poisoned), an iron imp (summoned),
Natasha and a crimson imp (summoned).


Message History

Things that are here:
a +0 club {mace}; a goblin corpse You hear a shout!
You hear a shout!
You hear a shout!
You hear a shout!
You hear a shout!
You hear a shout!
You hear a shout!
You hear a shout!
You hear a shout!
You hear a shout!
You hear a shout!
You hear a shout!
You hear a shout!
You hear a shout!
You see here a +0 helmet.
You hear a shout!
You hear a shout!
You hear a shout!
You hear a shout!
You hear a shout!
You hear a shout!
You hear a shout!
You see here a +0 chain mail.
You hear a shout!
You hear a shout!
You hear a shout!
You hear a shout!
You hear a shout! x2
You hear a shout!
You hear a shout!
Duvessa is nearby!
Casting: Sting (safe; 1% risk of failure)
Confirm with . or Enter, or press ? or * to list all spells.
You don't know that spell.
Casting: Sting (safe; 1% risk of failure)
Confirm with . or Enter, or press ? or * to list all spells.
You begin to radiate toxic energy.
Duvessa is poisoned.
MP[-4]
You lost 4 mp, and now have 6/10 mp.
Your toxic aura wanes.
Casting: Olgreb's Toxic Radiance (dangerous; 4% risk of failure)
Confirm with . or Enter, or press ? or * to list all spells.
You begin to radiate toxic energy.
Duvessa looks even sicker. x2
MP[-4]
You lost 4 mp, and now have 2/10 mp.
Your toxic aura wanes.
Duvessa misses you.
You closely miss Duvessa. You grab Duvessa. You squeeze Duvessa.
You constrict Duvessa.
Natasha, Servant of Life and Death comes into view.
She is carrying a wand of roots (9).
Duvessa hits you with a +0 short sword!
HP[-9]
You take 9 damage, and now have 32/41 hp.
MASSIVE DAMAGE!! (PAUSE)
Casting: Olgreb's Toxic Radiance (dangerous; 4% risk of failure)
Confirm with . or Enter, or press ? or * to list all spells.
You don't have enough magic to cast this spell.
Casting: Olgreb's Toxic Radiance (dangerous; 4% risk of failure)
Confirm with . or Enter, or press ? or * to list all spells.
Aiming: Sting (safe; 1% risk of failure)
Press: ? - help, Shift-Dir - straight line, f - Duvessa
Aim: Duvessa, wielding a +0 short sword and wearing a +0 ring mail (moderately wounded, constricted by you, berserk, very poisoned, 100% to hit)
The sting hits Duvessa!
Duvessa looks as sick as possible!
Natasha hisses angrily.
You constrict Duvessa. Duvessa hits you with a +0 short sword.
Duvessa closely misses you.
HP[-5] MP[-1]
You take 5 damage, and now have 27/41 hp.
You lost 1 mp, and now have 1/10 mp.
Casting: Sting (safe; 1% risk of failure)
Confirm with . or Enter, or press ? or * to list all spells.
Aiming: Sting (safe; 1% risk of failure)
Press: ? - help, Shift-Dir - straight line, f/p - Duvessa
Aim: Duvessa, wielding a +0 short sword and wearing a +0 ring mail (severely wounded, constricted by you, berserk, extremely poisoned, 100% to hit)
The sting hits Duvessa but does no damage.
Duvessa looks as sick as possible!
You constrict Duvessa.
Duvessa hits you with a +0 short sword!!
* * * LOW HITPOINT WARNING * * *
Natasha casts a spell.
HP[-20] MP[-1]
You take 20 damage, and now have 7/41 hp.
MASSIVE DAMAGE!! (PAUSE)
You lost 1 mp, and now have 0/10 mp.
Casting: Sting (safe; 1% risk of failure)
Confirm with . or Enter, or press ? or * to list all spells.
You don't have enough magic to cast this spell.
Unknown command.
You hit Duvessa but do no damage.
Duvessa looks as sick as possible!
You constrict Duvessa. Duvessa closely misses you.
Natasha casts a spell.
Duvessa hits you with a +0 short sword.
* * * LOW HITPOINT WARNING * * *
HP[-6] MP[+1]
You take 6 damage, and now have 1/41 hp.
You hit Duvessa but do no damage.
Duvessa looks as sick as possible!
You constrict Duvessa, but do no damage.
Duvessa hits you with a +0 short sword!
You die...

Skill      XL: |  1  2  3  4  5  6 |
---------------+-------------------+-----
Stealth        | 3 4 5 |  5.0
Poison Magic   | 4 5 7 8 |  8.9
Dodging        | |  2.0
Spellcasting   | |  2.0
Transmutations | |  1.0

Action                   |  1- 3 |  4- 6 |  7- 9 || total
-------------------------+-------+-------+-------++-------
Melee: Unarmed           |    10 |       |       ||    10
       Constrict         |    20 |    22 |     3 ||    45
       Tentacles         |    11 |    24 |     4 ||    39
       Short sword       |    11 |       |       ||    11
       Dagger            |    32 |    92 |    18 ||   142
       Hand axe          |     1 |       |       ||     1
       Punch             |     1 |     4 |       ||     5
 Cast: Sting             |    16 |    50 |     3 ||    69
       Olgreb's Toxic Ra |       |     4 |     2 ||     6
 Stab: Sleeping          |     7 |    14 |     4 ||    25
Armor: Skin              |     5 |     5 |       ||    10
Dodge: Dodged            |    35 |    93 |    19 ||   147

Levels and vault maps discovered:
D:1:      evilmike_arrival_rings, layout_loops_ring,
          hellmonk_ecumenical_altar_lost_god
D:2:      layout_loops_ring, serial_glass, glass_columns_a, glass_columns_b
D:3:      layout_loops_corners, minmay_rat_hole
D:4:      minmay_diamond_boxcup, layout_cave_pools, mainiacjoe_overflow_paths,
          uniq_natasha, uniq_duvessa

Notes
Turn   | Place    | Note
-------+----------+-------------------------------------------
     0 | D:1      | zeratav the Octopode Venom Mage began the quest for the
                  | Orb.
     0 | D:1      | Reached XP level 1. HP: 11/11 MP: 3/3
     0 | D:1      | magus.rc [v1.9.6]
   139 | D:1      | Reached skill level 3 in Stealth
   353 | D:1      | Reached XP level 2. HP: 17/17 MP: 1/5
   425 | D:1      | Reached skill level 4 in Poison Magic
   724 | D:1      | Found a faded altar of an unknown god.
   742 | D:1      | Identified the +2 helmet "Pankah" {Drain rElec rF+}
  1100 | D:2      | Identified the +2 leather armour of Mezcal {Int+4 Dex+2}
  1368 | D:2      | Reached XP level 3. HP: 20/21 MP: 6/6
  1376 | D:2      | Reached skill level 4 in Stealth
  1916 | D:2      | Reached XP level 4. HP: 24/27 MP: 7/7
  2086 | D:2      | Reached skill level 5 in Poison Magic
  2569 | D:3      | Reached skill level 5 in Stealth
  2979 | D:3      | Reached XP level 5. HP: 27/31 MP: 1/8
  3052 | D:3      | Reached skill level 6 in Poison Magic
  3540 | D:3      | You add the spells Shock, Beastly Appendage, Petrify and
                  | Maxwell's Capacitive Coupling to your library.
  3540 | D:3      | Got the Tome of Permutations and the Brume
  4191 | D:4      | Found a shadowy altar of Dithmenos.
  4378 | D:4      | Noticed Duvessa
  4384 | D:4      | Reached skill level 7 in Poison Magic
  4384 | D:4      | Reached XP level 6. HP: 19/36 MP: 6/9
  4847 | D:4      | Noticed Natasha
  4854 | D:4      | Killed Natasha
  5012 | D:4      | Noticed Natasha
  5017 | D:4      | Noticed Dowan
  5020 | D:4      | Killed Natasha
  5210 | D:4      | Learned a level 4 spell: Olgreb's Toxic Radiance
  5237 | D:4      | HP: 8/36 [Dowan/puff of flame (9)]
  5242 | D:4      | Killed Dowan
  5243 | D:4      | Reached skill level 8 in Poison Magic
  5567 | D:4      | You pick up a book of Vapours and begin reading...
  5630 | D:4      | Reached XP level 7. HP: 41/41 MP: 2/10
  5914 | D:4      | Noticed Natasha
  5916 | D:4      | HP: 7/41 [Duvessa/+0 short sword (20)]
  5917 | D:4      | HP: 1/41 [Duvessa/+0 short sword (6)]
  5918 | D:4      | Mangled by Duvessa

Vanquished Creatures
  A scorpion (D:4)
  Dowan (D:4)
  A hound (D:4)
  A gnoll bouda (D:4)
  An orc priest (D:3)
  An iguana (D:4)
  2 orc wizards (D:3)
  Natasha (twice) (D:4)
  5 adders
  3 gnolls (D:4)
  An ufetubus (D:4)
  A worm (D:3)
  2 dart slugs
  12 orcs
  7 ball pythons
  A bat (D:1)
  4 endoplasms
  3 giant cockroaches
  5 goblins
  15 hobgoblins
  7 jackals
  8 kobolds
  3 quokkas
  A frilled lizard (D:2)
  23 rats
111 creatures vanquished.

Table legend:
 A = Non-vault XP
 B = Vault XP
 C = Vault XP percentage of total XP
 D = Non-vault monster count
 E = Vault monster count
 F = Vault count percentage of total count
                 A         B        C        D         E       F
            +---------+---------+-------+---------+---------+-------
      Total |     538 |     192 |  26.3 |      83 |      28 |  25.2
            +---------+---------+-------+---------+---------+-------
        D:1 |      21 |       0 |   0.0 |      12 |       0 |   0.0
        D:2 |      77 |       0 |   0.0 |      25 |       0 |   0.0
        D:3 |     151 |      20 |  11.7 |      21 |      19 |  47.5
        D:4 |     289 |     172 |  37.3 |      25 |       9 |  26.5
            +---------+---------+-------+---------+---------+-------

Illustrated notes

Table legend:
 A = Kills in this place as a percentage of kills in entire the game.
 B = Kills by you in this place as a percentage of kills by you in the entire game.
 C = Kills by friends in this place as a percentage of kills by friends in the entire game.
 D = Other kills in this place as a percentage of other kills in the entire game.
 E = Experience gained in this place as a percentage of experience gained in the entire game.
 F = Experience gained in this place divided by the number of levels of this place that you have seen.
                   A       B       C       D       E      F
               +-------+-------+-------+-------+-------+----------------------
         Total | 100.0 | 100.0 |   N/A |   N/A | 100.0 | 182.5
       Dungeon | 100.0 | 100.0 |   N/A |   N/A | 100.0 | 182.5
               +-------+-------+-------+-------+-------+----------------------

Table legend: (Time is in decaauts)
 A = Elapsed time spent in this place.
 B = Non-inter-level travel time spent in this place.
 C = Inter-level travel time spent in this place.
 D = Time resting spent in this place.
 E = Time spent auto-exploring this place.
 F = Levels seen in this place.
 G = Mean time per level.
                   A        B        C        D        E       F      G
               +--------+--------+--------+--------+--------+-----+--------+
         Total |   5923 |   5490 |    433 |   1529 |   3056 |   4 | 1480.8 |
       Dungeon |   5923 |   5490 |    433 |   1529 |   3056 |   4 | 1480.8 |
               +--------+--------+--------+--------+--------+-----+--------+

Top non-repeatable levels by time:
     D:3: 2406 daAuts
     D:2: 1436 daAuts
     D:1: 1095 daAuts
     D:4: 984 daAuts
